 Dungeon Crawl Stone Soup version 0.22.1-2-g9c5b331 (webtiles) character file.

108 Harpaggios the Charmwright (level 4, -11/38 HPs)
             Began as a Gnoll Skald on Dec 22, 2018.
             Killed by divine providence
             ... invoked by an orc priest
              (13 damage)
             ... on level 3 of the Dungeon.
             The game lasted 00:14:13 (2392 turns).

Harpaggios the Charmwright (Gnoll Skald)            Turns: 2392, Time: 00:14:13

Health: -11/38     AC: 10    Str: 13    XL:     4   Next: 87%
Magic:  11/11      EV: 13    Int: 16    God:
Gold:   71         SH:  0    Dex: 15    Spells: 10/13 levels left

rFire    + . .     SeeInvis .   a - +0 falchion
rCold    . . .     Gourm    .   (no shield)
rNeg     . . .     Faith    .   h - +3 ring mail {rF+}
rPois    .         Spirit   .   (no helmet)
rElec    .         Reflect  .   (no cloak)
rCorr    .         Harm     .   (no gloves)
MR       .....                  (no boots)
Stlth    +.........             (no amulet)
HPRegen  0.12/turn              l - ring of wizardry
MPRegen  0.12/turn              (no ring)

@: no status effects
A: distributed training, fangs 1, icy blue scales 1, subdued magic 1, strong
nose
a: no special abilities


You were on level 3 of the Dungeon.
You were not hungry.

You visited 1 branch of the dungeon, and saw 3 of its levels.

You collected 71 gold pieces.

Inventory:

Hand Weapons
 a - a +0 falchion (weapon)
Armour
 h - a +3 ring mail of fire resistance (worn)
Jewellery
 l - a ring of wizardry (left hand)
Scrolls
 c - a scroll of magic mapping
 e - a scroll of enchant weapon {unknown}
 i - a scroll of remove curse
 k - a scroll of identify
Potions
 b - 3 potions of heal wounds
 f - a potion of haste
 j - a potion of mutation
Comestibles
 d - 6 rations


   Skills:
 + Level 4.7 Fighting
 + Level 1.2 Short Blades
 + Level 4.7 Long Blades
 + Level 1.2 Axes
 + Level 1.2 Maces & Flails
 + Level 1.2 Polearms
 + Level 1.2 Staves
 + Level 1.2 Slings
 + Level 1.2 Bows
 + Level 1.2 Crossbows
 + Level 1.2 Throwing
 + Level 2.8 Armour
 + Level 4.7 Dodging
 + Level 1.2 Stealth
 + Level 1.2 Shields
 + Level 1.2 Unarmed Combat
 + Level 5.1 Spellcasting
 + Level 1.0 Conjurations
 + Level 1.0 Hexes
 + Level 5.5 Charms
 + Level 1.0 Summonings
 + Level 1.0 Necromancy
 + Level 1.0 Translocations
 + Level 1.0 Transmutations
 + Level 1.0 Fire Magic
 + Level 1.0 Ice Magic
 + Level 1.0 Air Magic
 + Level 1.0 Earth Magic
 + Level 1.0 Poison Magic
 + Level 1.3 Invocations
 + Level 1.2 Evocations


You had 10 spell levels left.
You knew the following spells:

 Your Spells              Type           Power        Failure   Level  Hunger
a - Infusion              Chrm           ###.         1%          1    None
b - Song of Slaying       Chrm           ###.....     1%          2    #......

Your spell library contained the following spells:

 Spells                   Type           Power        Failure   Level  Hunger
 Shroud of Golubria       Chrm/Tloc      ##........   4%          2    #......
 Regeneration             Chrm/Necr      ##........   9%          3    ###....
 Spectral Weapon          Hex/Chrm       ##......     9%          3    ###....


Dungeon Overview and Level Annotations

Branches:
Dungeon (3/15)

Altars:
Dithmenos


Innate Abilities, Weirdness & Mutations

Your experience applies equally to all skills.
You have very sharp teeth.
Your uncanny sense of smell can sniff out nearby items.
You are partially covered in icy blue scales. (AC +2)
Your spells are a little easier to cast, but a little less powerful.


Message History

The orc priest miscasts a cantrip.
The orc priest mumbles some strange prayers to Beogh against you.
Beogh smites you!
* * * LOW HITPOINT WARNING * * *
You slash the orc!
You kill the orc!
You hit the orc priest but do no damage.
The orc priest miscasts a cantrip.
You barely miss the orc priest. The orc priest barely misses you.
The orc priest hits you but does no damage.
You hit the orc priest but do no damage.
The orc priest hits you.
* * * LOW HITPOINT WARNING * * *
You hit the orc priest but do no damage.
The orc priest closely misses you.
You riposte.
You hit the orc priest but do no damage.
You closely miss the orc priest.
The orc priest invokes the aid of Beogh against you.
Beogh smites you!
You die...

##. .## .....# #.#
....# #.# #.###.#.# #.#
......######.######
#................
#.#)## #.......
.##....####...# #.#.#
........o@)....# #.#.#
#..####..######.###.#.#
## #..#####...##.#.# ##
#..##...........# ..
#..##..#...##...# #.
........#.###.#.####.
....S#...#........)...
............##.#.####†
....##..#.###.#.####.


You could see an orc priest.

Vanquished Creatures
  4 adders
  A worm (D:3)
  2 dart slugs
  2 leopard geckos (D:2)
  3 orcs (D:3)
  A ball python (D:2)
  5 giant cockroaches
  4 goblins
  9 hobgoblins
  A quokka (D:3)
  5 bats
  3 frilled lizards (D:2)
  14 kobolds
  5 rats
59 creatures vanquished.

Notes
Turn   | Place    | Note
-------+----------+-------------------------------------------
     0 | D:1      | Harpaggios the Gnoll Skald began the quest for the Orb.
     0 | D:1      | Reached XP level 1. HP: 20/20 MP: 6/6
   179 | D:1      | Reached XP level 2. HP: 24/26 MP: 7/7
   770 | D:2      | Reached XP level 3. HP: 28/31 MP: 9/9
   783 | D:2      | Learned a level 2 spell: Song of Slaying
   819 | D:2      | Reached skill level 5 in Spellcasting
   832 | D:2      | Gained mutation: Your spells are a little easier to cast,
                  | but a little less powerful. [potion of mutation]
   832 | D:2      | Gained mutation: You are partially covered in icy blue
                  | scales. (AC +2) [potion of mutation]
  1174 | D:2      | Reached skill level 1 in Invocations
  1321 | D:2      | Reached skill level 1 in Short Blades
  1321 | D:2      | Reached skill level 1 in Axes
  1321 | D:2      | Reached skill level 1 in Maces & Flails
  1321 | D:2      | Reached skill level 1 in Polearms
  1321 | D:2      | Reached skill level 1 in Staves
  1321 | D:2      | Reached skill level 1 in Slings
  1321 | D:2      | Reached skill level 1 in Bows
  1321 | D:2      | Reached skill level 1 in Crossbows
  1321 | D:2      | Reached skill level 1 in Throwing
  1321 | D:2      | Reached skill level 1 in Stealth
  1321 | D:2      | Reached skill level 1 in Shields
  1321 | D:2      | Reached skill level 1 in Unarmed Combat
  1321 | D:2      | Reached skill level 1 in Evocations
  1332 | D:2      | Reached XP level 4. HP: 38/38 MP: 11/11
  1809 | D:2      | Found a shadowy altar of Dithmenos.
  2181 | D:3      | Reached skill level 1 in Conjurations
  2181 | D:3      | Reached skill level 1 in Hexes
  2181 | D:3      | Reached skill level 1 in Summonings
  2181 | D:3      | Reached skill level 1 in Necromancy
  2181 | D:3      | Reached skill level 1 in Translocations
  2181 | D:3      | Reached skill level 1 in Transmutations
  2181 | D:3      | Reached skill level 1 in Fire Magic
  2181 | D:3      | Reached skill level 1 in Ice Magic
  2181 | D:3      | Reached skill level 1 in Air Magic
  2181 | D:3      | Reached skill level 1 in Earth Magic
  2181 | D:3      | Reached skill level 1 in Poison Magic
  2392 | D:3      | Killed from afar by an orc priest

Skill      XL: |  1  2  3  4 |
---------------+-------------+-----
Spellcasting   | 5 |  5.1
Invocations    | 1 |  1.3
Short Blades   | 1 |  1.2
Axes           | 1 |  1.2
Maces & Flails | 1 |  1.2
Polearms       | 1 |  1.2
Staves         | 1 |  1.2
Slings         | 1 |  1.2
Bows           | 1 |  1.2
Crossbows      | 1 |  1.2
Throwing       | 1 |  1.2
Stealth        | 1 |  1.2
Shields        | 1 |  1.2
Unarmed Combat | 1 |  1.2
Evocations     | 1 |  1.2
Conjurations   | 1 |  1.0
Hexes          | 1 |  1.0
Summonings     | 1 |  1.0
Necromancy     | 1 |  1.0
Translocations | 1 |  1.0
Transmutations | 1 |  1.0
Fire Magic     | 1 |  1.0
Ice Magic      | 1 |  1.0
Air Magic      | 1 |  1.0
Earth Magic    | 1 |  1.0
Poison Magic   | 1 |  1.0
Fighting       | |  4.7
Long Blades    | |  4.7
Armour         | |  2.8
Dodging        | |  4.7
Charms         | |  5.5

Action                   |  1- 3 |  4- 6 || total
-------------------------+-------+-------++-------
Melee: Falchion          |   132 |    65 ||   197
       Bite              |    12 |     7 ||    19
 Cast: Infusion          |     1 |     1 ||     2
  Use: Scroll            |     5 |     3 ||     8
       Potion            |     1 |     2 ||     3
 Stab: Sleeping          |     2 |       ||     2
  Eat: Chunk             |     2 |     3 ||     5
Armor: Leather armour    |    14 |       ||    14
       Ring mail         |     8 |    17 ||    25
Dodge: Dodged            |    95 |    33 ||   128
       Rpst.: Falchion   |    28 |    11 ||    39
